Cogmind - Beta 13 @@@ ROGUE MODE // 2024.04.01 @ 06:31:12 Player: ebo Result: Destroyed by Y-45 Defender with Heavy Assault Rifle Performance ------------- Evolutions (2) 1000 Regions Visited (4) 800 Robots Destroyed (59) 295 Value Destroyed (1874) 1874 Prototype IDs (4) 80 Alien Tech Used (0) 0 Bonus (244) 244 TOTAL SCORE: 4293 Bonus ------- High Alert Combat Kills 11 Follower Combat Kills 33 Entered Garrisons 200 Cogmind --------- Core Integrity 0/550 Matter 181/300 Energy 95/100 System Corruption 0% Temperature Hot (217) Movement Flying (1000) Ox12 Location -8/Garrison Parts ------- > --- POWER (2) -------- (None) > --- PROPULSION (2) --- Flight Unit > --- UTILITY (4) ------ Large Storage Unit Large Storage Unit Signal Interpreter Light Armor Plating > --- WEAPON (3) ------- Advanced EMP Blaster > --- INVENTORY (15) --- Heat Sink Improved Heat Sink Medium Storage Unit Compact Battery (200) Trap Scanner Trap Scanner Signal Interpreter Reaction Control System Peak State ------------ > --- POWER ------------ Ion Engine Light Deuterium Engine > --- PROPULSION ------- Carbon-fiber Leg Titanium Leg > --- UTILITY ---------- Large Storage Unit Signal Interpreter Core Shielding Utility Shielding > --- WEAPON ----------- Assault Rifle Autogun Advanced EMP Blaster > --- INVENTORY -------- Flight Unit Heat Sink Medium Storage Unit Large Storage Unit Compact Battery Trap Scanner Trap Scanner Signal Interpreter Reaction Control System Light Armor Plating Light Cannon [Rating: 22] Favorites ----------- Power Ion Engine Engine Ion Engine Propulsion Light Treads Treads Light Treads Leg Titanium Leg Flight Unit Flight Unit Utility Signal Interpreter Device Cooling System Storage Large Storage Unit Processor Signal Interpreter Protection Utility Shielding Weapon Particle Gun Energy Gun Particle Gun Ballistic Gun Autogun Ballistic Cannon Light Cannon Launcher Advanced EMP Blaster Build | -11 -10 -9 -8 -8 ------- Run | Yrd Mat Mat Mat Gar Slots Evolved 4 | . . 2 2 . Power 1 | . . . 1 . Propulsion . | . . . . . Utility 2 | . . 2 . . Weapon 1 | . . . 1 . Parts Attached 72 | 6 4 26 25 11 Power 14 | 1 3 4 5 1 Engine 14 | 1 3 4 5 1 Core . | . . . . . Reactor . | . . . . . Propulsion 21 | 2 . 11 5 3 Treads 14 | 2 . 8 2 2 Leg 4 | . . 2 2 . Wheel . | . . . . . Hover . | . . . . . Flight 3 | . . 1 1 1 Utility 17 | 1 1 4 6 5 Device 2 | . . . 2 . Storage 4 | 1 . 2 . 1 Processor 2 | . 1 . 1 . Hackware . | . . . . . Protection 9 | . . 2 3 4 Artifact . | . . . . . Weapon 20 | 2 . 7 9 2 Energy Gun 12 | 2 . 6 4 . Energy Cannon . | . . . . . Ballistic Gun 3 | . . . 2 1 Ballistic Cannon 3 | . . 1 2 . Launcher 2 | . . . 1 1 Special Weapon . | . . . . . Impact Weapon . | . . . . . Slashing Weapon . | . . . . . Piercing Weapon . | . . . . . Special Melee Weapon . | . . . . . Unidentified Prototypes 4 | . . 2 2 . Parts Lost 23 | . . 2 9 12 Power 6 | . . 1 2 3 Propulsion 4 | . . . 2 2 Utility 5 | . . 1 1 3 Weapon 8 | . . . 4 4 Highest Loss Streak 12 | . . 1 7 12 To Critical Strikes . | . . . . . Average Slot Usage (%) 93 | . 97 98 84 96 Engine 12 | . 14 9 14 16 Treads 16 | . 28 21 7 11 Leg 1 | . . . 2 5 Storage 15 | . 14 21 9 9 Processor 10 | . 11 11 10 9 Protection 11 | . . 10 13 17 Energy Gun 16 | . 28 20 13 . Ballistic Gun 2 | . . . 3 17 Ballistic Cannon 3 | . . 1 4 8 Naked Turns . | . . . . . Heaviest Build 59 | 13 13 34 44 59 Greatest Support 40 | 40 40 40 40 40 Greatest Overweight (x) 14 | . . 5 10 14 Average Overweight (x) . | . . . 2 1 Largest Inventory Capacity 15 | 8 8 15 15 15 Average Capacity 12 | 7 8 12 15 15 Most Carried 15 | 6 8 15 15 15 Average Carried 10 | 3 7 12 10 14 Final Capacity 15 | 8 8 15 15 15 Final Carried 14 | 4 8 14 11 8 Class Distribution -------------------- 74% | Mutant 20% | Tank 4% | Scavenger-Tank Dominant Class ---------------- Mutant | -10/Materials Mutant | -9/Materials Tank | -8/Materials Scavenger-Tank | -8/Garrison Resources | -11 -10 -9 -8 -8 ----------- Run | Yrd Mat Mat Mat Gar Matter Collected 1155 | 166 134 355 396 104 Remotely . | . . . . . Salvage Created 1936 | . 81 965 702 188 Parts 141 | . 8 83 35 15 Haulers Intercepted 1 | . . 1 . . Recyclers Shooed 1 | . . . 1 . Parts Field Recycled . | . . . . . Retrieved Matter . | . . . . . Parts Self-Destructed . | . . . . . Prevented . | . . . . . Kills | -11 -10 -9 -8 -8 ------- Run | Yrd Mat Mat Mat Gar Combat Hostiles Destroyed 48 | . 3 27 14 4 Guns 41 | . 3 25 11 2 Cannons 7 | . . 2 3 2 Classes Destroyed 11 | . 2 7 2 . Worker 3 | . 1 1 1 . Hauler 1 | . . 1 . . Recycler 1 | . . . 1 . Operator 1 | . . 1 . . Watcher 5 | . . 4 1 . Swarmer 9 | . 3 3 3 . Grunt 29 | . . 18 9 2 Brawler 1 | . . 1 . . Duelist 1 | . . 1 . . Sentry 6 | . . 4 . 2 Hunter 2 | . . . 2 . Best Kill Streak 7 | . 2 7 5 2 Combat Bots Only 7 | . 2 7 3 2 Max Kills in Single Turn 2 | . 1 2 1 1 Gunslinging . | . . . . . Exploded . | . . . . . Melee . | . . . . . Uniques/NPCs Destroyed . | . . . . . Combat | -11 -10 -9 -8 -8 -------- Run | Yrd Mat Mat Mat Gar Hostile Shots Fired 355 | . 9 102 132 112 Missed 72 | . 3 17 35 17 Damage Taken 3698 | . 47 1014 1120 1517 Core 803 | . . 242 212 349 Absorbed by Shields . | . . . . . Redirected to Shielding 73 | . . 18 36 19 Regen/Repaired (Parts) 18 | . . 18 . . Core Remaining (%) 79 | 100 100 39 . . Volleys Fired 155 | . 9 68 63 15 Largest 3 | . 2 2 3 3 Hottest 193 | . 80 130 193 81 Shots Fired 328 | . 18 133 142 35 Gun 284 | . 18 123 117 26 Cannon 44 | . . 10 25 9 Launcher . | . . . . . Special . | . . . . . Kinetic 78 | . . 10 33 35 Thermal 223 | . 9 115 99 . Explosive . | . . . . . Electromagnetic 27 | . 9 8 10 . Robot Hit Streak 12 | . 4 12 7 10 Robot Miss Streak 8 | . 2 8 5 2 Penetration Max . | . . . . . Secondary Targets 7 | . . 2 5 . Max Gunslinging Chain 1 | . . 1 1 . Shots Hit Robots 213 | . 9 103 78 23 Core Hits 178 | . 4 128 35 11 Critical Kills . | . . . . . Critical Parts Destroyed . | . . . . . Critical Strikes 7 | . 1 3 2 1 Burn 3 | . . 2 1 . Blast 3 | . . 1 1 1 Corrupt 1 | . 1 . . . Melee Attacks . | . . . . . Impact . | . . . . . Slashing . | . . . . . Piercing . | . . . . . Sneak Attacks . | . . . . . Combat Hostiles . | . . . . . Follow-up Attacks . | . . . . . Damage Inflicted 3324 | . 125 1400 1440 359 Guns 2760 | . 125 1297 1067 271 Cannons 498 | . . 103 307 88 Explosions 66 | . . . 66 . Melee . | . . . . . Ramming . | . . . . . Kinetic 824 | . . 103 362 359 Thermal 2226 | . 42 1266 918 . Explosive . | . . . . . Electromagnetic 274 | . 83 31 160 . Impact . | . . . . . Slashing . | . . . . . Piercing . | . . . . . Highest Corruption 4 | . . 4 . . Average Corruption 3 | . . 3 . . Corruption Purged . | . . . . . Corruption Blocked . | . . . . . Effects 4 | . . 4 . . Message Errors 1 | . . 1 . . Matter Fused 1 | . . 1 . . Heat Flow Errors 1 | . . 1 . . Data Loss (major) 1 | . . 1 . . Overload Shots . | . . . . . Overflow Damage 12 | . . . 12 . Projectiles 12 | . . . 12 . Explosions . | . . . . . Melee . | . . . . . Knockbacks 5 | . . . 4 1 Impact . | . . . . . Kinetic 5 | . . . 4 1 Secondary . | . . . . . Self-Inflicted Damage . | . . . . . Shots . | . . . . . Rammed . | . . . . . Targets Rammed . | . . . . . Kicked . | . . . . . Crushed . | . . . . . Highest Temperature 707 | . 54 530 707 439 Average Temperature 166 | . 25 147 203 228 Received Heat Transfer 1548 | . . 441 360 747 Effects 40 | . . 10 22 8 Shutdowns 11 | . . 3 7 1 Energy Bleed 2 | . . . 1 1 Interference 5 | . . 2 . 3 Matter Decay 4 | . . 1 2 1 Short Circuit 9 | . . 3 4 2 Damage (minor) 5 | . . 1 4 . Damage (major) 4 | . . . 4 . Siege Activations . | . . . . . Robots Corrupted . | . . . . . Combat Hostiles . | . . . . . Parts Fried . | . . . . . Impact Corruptions . | . . . . . Robots Melted . | . . . . . Combat Hostiles . | . . . . . Parts Melted 6 | . . 1 5 . Heat Transferred 4285 | . 100 2026 2159 . Parts Sabotaged . | . . . . . Parts Stolen . | . . . . . Parts Stripped . | . . . . . Power Chain Reactions . | . . . . . Alert | -11 -10 -9 -8 -8 ------- Run | Yrd Mat Mat Mat Gar Peak Influence 441 | . 135 441 257 164 Initial 159 | . . 56 159 66 Average 148 | . 50 205 126 120 Maximum Alert Level 2 | . . 2 1 . Low Security (%) 71 | 100 100 47 88 100 Level 1 27 | . . 51 11 . Level 2 . | . . 1 . . Level 3 . | . . . . . Level 4 . | . . . . . Level 5 . | . . . . . High Security . | . . . . . Max Security . | . . . . . Squads Dispatched 5 | . . 4 1 . Investigation 3 | . . 2 1 . Extermination . | . . . . . Reinforcement 2 | . . 2 . . Assault . | . . . . . Garrison . | . . . . . Intercept . | . . . . . Searches Triggered . | . . . . . Construction Impeded . | . . . . . Haulers Reinforced . | . . . . . Active Scanning Responses . | . . . . . Cargo Convoy Interrupts . | . . . . . Stealth | -11 -10 -9 -8 -8 --------- Run | Yrd Mat Mat Mat Gar Distress Signals 5 | . . . 5 . Communications Jammed . | . . . . . Distress Signals . | . . . . . Times Spotted 84 | . 5 41 29 9 Peak Tracking Total 5 | . 4 4 5 5 Tactical Retreats 4 | . 1 1 2 . Traps | -11 -10 -9 -8 -8 ------- Run | Yrd Mat Mat Mat Gar Traps Triggered 3 | . . 3 . . Indirectly . | . . . . . Trap Hack Attempts . | . . . . . Triggered . | . . . . . Disarmed . | . . . . . Reprogrammed . | . . . . . Reused . | . . . . . Traps Extracted . | . . . . . Installed . | . . . . . Triggered . | . . . . . Machines | -11 -10 -9 -8 -8 ---------- Run | Yrd Mat Mat Mat Gar Machines Disabled 5 | . 1 . 4 . Max in Single Turn 3 | . 1 . 3 . Machines Repaired . | . . . . . Machines Dismantled . | . . . . . Machines Sabotaged . | . . . . . Overloaded Fab Kills . | . . . . . Hacking | -11 -10 -9 -8 -8 --------- Run | Yrd Mat Mat Mat Gar Machines Accessed 14 | . 1 6 6 1 Terminals 9 | . . 4 4 1 Fabricators . | . . . . . Repair Stations 1 | . . 1 . . Recycling Units 2 | . 1 . 1 . Scanalyzers 1 | . . 1 . . Garrison Access 1 | . . . 1 . Total Hacks 42 | . 2 22 15 3 Successful 22 | . 2 11 8 1 Failed 20 | . . 11 7 2 Catastrophic . | . . . . . Database Lockouts . | . . . . . Manual 2 | . . 1 1 . Terminals 27 | . . 16 8 3 Fabricators . | . . . . . Repair Stations 5 | . . 5 . . Recycling Units 7 | . 2 . 5 . Scanalyzers 1 | . . 1 . . Garrison Access 2 | . . . 2 . Terminal Hacks 14 | . . 9 4 1 Record 6 | . . 5 1 . Robot Analysis 1 | . . 1 . . Open Door 1 | . . . . 1 Emergency Access Points 1 | . . . 1 . Alert Level 1 | . . 1 . . Recall Investigation 1 | . . 1 . . Hauler Manifests 1 | . . . 1 . Zone Layout 2 | . . 1 1 . Fabricator Hacks . | . . . . . Repair Station Hacks 2 | . . 2 . . Scan Component 1 | . . 1 . . Repair 1 | . . 1 . . Recycling Unit Hacks 5 | . 2 . 3 . Process 2 | . 1 . 1 . Report Inventory 2 | . 1 . 1 . Retrieve Components 1 | . . . 1 . Scanalyzer . | . . . . . Garrison Access Hacks 1 | . . . 1 . Unlock Access 1 | . . . 1 . Unauthorized Hacks . | . . . . . Terminals . | . . . . . Fabricators . | . . . . . Repair Stations . | . . . . . Recycling Units . | . . . . . Scanalyzers . | . . . . . Garrison Access . | . . . . . Data Cores Recovered . | . . . . . Used . | . . . . . Hacking Detections 13 | . 1 6 6 . Full Trace Events 3 | . . 2 1 . Feedback Events . | . . . . . Feedback Blocked . | . . . . . Robot Schematics Acquired . | . . . . . Robots Built . | . . . . . Authchips . | . . . . . Time . | . . . . . Total Robot Build Rating . | . . . . . Part Schematics Acquired . | . . . . . Parts Built . | . . . . . Authchips . | . . . . . Time . | . . . . . Total Part Build Rating . | . . . . . Parts Repaired 1 | . . 1 . . Time 26 | . . 26 . . Parts Recycled . | . . . . . Recycled Matter 33 | . 3 . 30 . Retrieved Matter . | . . . . . Retrieved Components . | . . . . . Parts Scanalyzed . | . . . . . Part Schematics Acquired . | . . . . . Parts Damaged . | . . . . . Bothacking | -11 -10 -9 -8 -8 ------------ Run | Yrd Mat Mat Mat Gar Used RIF Installer . | . . . . . Robots Hacked . | . . . . . Non-combat . | . . . . . Combat . | . . . . . Robot Hacks Applied . | . . . . . Relay Couplers Released . | . . . . . Fabnet Peak Effective % . | . . . . . Robots Rewired . | . . . . . Allies Hacked . | . . . . . Hacks Repelled . | . . . . . Allies | -11 -10 -9 -8 -8 -------- Run | Yrd Mat Mat Mat Gar Total Allies 1 | . . . . 1 Largest Group 1 | . . . . 1 Highest-Rated Group 31 | . . . . 31 Highest-Rated Ally 31 | . . . . 31 Total Orders . | . . . . . Ally Attacks 2 | . . . . 2 Total Damage 42 | . . . . 42 Kills 1 | . . . . 1 Allies Corrupted . | . . . . . Allies Melted . | . . . . . Intel | -11 -10 -9 -8 -8 ------- Run | Yrd Mat Mat Mat Gar Robot Analysis Total 1 | . . 1 . . Derelict Logs Recovered . | . . . . . Drone Launches . | . . . . . Drone Recoveries . | . . . . . Exploration | -11 -10 -9 -8 -8 ------------- Run | Yrd Mat Mat Mat Gar Turns Passed 4884 | 328 335 2252 1580 389 Spaces Moved 1900 | 142 167 1017 433 141 Core 20 | 14 . 1 5 . Treads 1644 | 128 167 1011 248 90 Legs 164 | . . 5 110 49 Wheels . | . . . . . Hover . | . . . . . Flight 72 | . . . 70 2 Fastest Speed 50 | 50 160 160 195 160 Average Speed 199 | 149 160 165 297 234 Slowest Speed 1160 | 160 160 300 680 1160 Overloaded Moves . | . . . . . Propulsion Burnouts . | . . . . . Robots Hopped . | . . . . . Cave-ins Triggered . | . . . . . Exploration Rate (%) 31 | 13 31 64 26 24 Regions Visited 4 Branch Regions . Pre-discovered Areas . | . . . . . Known Exits Taken 3 | . 1 1 1 . Unknown Exits Taken 1 | 1 . . . . Scrap Searched . | . . . . . Spaces Dug . | . . . . . Terrain Destroyed 12 | . . . 12 . Melee . | . . . . . Projectile . | . . . . . AOE 12 | . . . 12 . Terrain Rammed . | . . . . . Walls Destroyed . | . . . . . Machines Disabled . | . . . . . Actions | -11 -10 -9 -8 -8 --------- Run | Yrd Mat Mat Mat Gar Total 2725 | 258 217 1458 610 182 Wait 471 | 101 27 275 63 5 Move 1896 | 141 166 1016 432 141 Hop . | . . . . . Pick Up 84 | 10 8 42 17 7 Fast Attach . | . . . . . Attach 40 | 6 1 8 17 8 Detach 1 | . . . 1 . Swap 32 | . 3 18 8 3 Drop 46 | . 3 31 9 3 Fire 155 | . 9 68 63 15 Melee . | . . . . . Ram . | . . . . . Kick . | . . . . . Crush . | . . . . . Escape Stasis . | . . . . . Rewire . | . . . . . Trap . | . . . . . Miscellaneous . | . . . . . Route ------- -11/Scrapyard -10/Materials -9/Materials -8/Materials -8/Garrison History --------- Turn | Location | Event 4 | -11/Scrapyard | Discovered new exit (range 16) 329 | -11/Scrapyard | Entered Materials 330 | -10/Materials | Build established: Mutant 646 | -10/Materials | Discovered new exit (range 12) 662 | -10/Materials | Identified exit to Materials 664 | -10/Materials | Entered another Materials area 664 | -9/Materials | Evolved 2 slots: Utility x2 848 | -9/Materials | Repaired Lgt. Ion Engine 1443 | -9/Materials | Destroyed 7 combat bots 2320 | -9/Materials | Core integrity fell below 50% 2893 | -9/Materials | Discovered new exit (range 11) 2914 | -9/Materials | Identified exit to Materials 2916 | -9/Materials | Entered another Materials area 2916 | -8/Materials | Evolved 2 slots: Power x1, Weapon x1 3218 | -8/Materials | Build established: Tank 3731 | -8/Materials | Lost 7 parts (2p1n1u3w) 3999 | -8/Materials | Build established: Mutant 4490 | -8/Materials | Identified exit to Garrison 4496 | -8/Materials | Entered Garrison 4528 | -8/Garrison | Rescued a captive Derelict 4580 | -8/Garrison | Triggered checkpoint 4834 | -8/Garrison | Triggered checkpoint 4848 | -8/Garrison | Triggered checkpoint 4853 | -8/Garrison | Core integrity fell below 50% 4879 | -8/Garrison | Core integrity fell below 20% 4885 | -8/Garrison | Destroyed by Y-45 Defender with Heavy Assault Rifle Last Messages --------------- G-47 Trooper destroyed. Lgt. Treads broken. Overheating: Short circuit. Lgt. Cannon destroyed. Critical hit (Burn: +37). Autogun destroyed. Overheating: Matter decay (-28). Lgt. Armor Plating destroyed. Power failure, Ion Engine shutdown. Lgt. Treads destroyed. Ion Engine destroyed. Lgt. Armor Plating destroyed. Hvy. Assault Rifle broken. Overheating: Short circuit. Broken Lgt. Treads destroyed. Overheating: Energy bleed (-19). Broken Hvy. Assault Rifle destroyed. Core Shielding destroyed. Lgt. Angular Momentum Engine destroyed. Critical hit (Burn: +37). Map ----- +----------------------------------------------------+ | ??????????????????????????????#" #????" "??" "?? | | ??????????????????????????????#" #????" "??" "?? | | ??????????????????????????????#" #????" """" "?? | | ??????????????????????????????#"# #?#""" """ | | ??????????????????????????????### #?# | | ????????????????????????????????# #?#""" ^ """ | | ????????????????????????????????# #????" #### "?? | | ??????????????????????????????###! #????" "?? | | ??????????????????????????????#% !!#?#""" """ | | ??????????????????????????????#!=%!#?# | | ??????????????????????????????#* !#?#### ### | | ??????????????????????????????###=%#????## ####?? | | ??????????????????????###########==####### ###### | | ??????????????????????# * | | ??????????????????????# | | ??????????????????????# | | ??????????????????????# ######################## | | ??????????????????????# #??????????????????????? | | ??????????????????????# #??????????????????????? | | ??????????????????????# #??????????????????????? | | ??????????????????????# #??????????????????????? | | ????????????????###???# #??????????????????????? | | ????????????????# ??# #??????????????????????? | | ???????????# ## ## #??????????????????????? | | ???????????# Y #??????????????????????? | | ???????????# Y @#??????????????????????? | | ???????????# #??????????????????????? | | ???????????# ## ##% =#??????????????????????? | | ????????????????# ?#==g#??????????????????????? | | ??????????????? ? !%g! ??????????????????????? | | ????????????? % !%[??????????????????????? | | ???????????? *="?????????????????????? | | ????????????? %?????????????????????? | | ????????????? ## ^^## ###????????????????????? | | ???????????? ???# ^ ?# #??????????????????????? | | ??????????????? ^ ^?? ??????????????????????? | | ?????????????? ?? ??????????????????????? | | ?????????????? ??? #??????????????????????? | | ?????????????? ##"???## #???????????????????????? | | ??????????????????????# ????????????????????????? | | ??????????????????????# ????????????????????????? | | ??????????????????????# ????????????????????????? | | ??????????????????????? ????????????????????????? | | ?????????????????????????????????????????????????? | | ?????????????????????????????????????????????????? | | ?????????????????????????????????????????????????? | | ?????????????????????????????????????????????????? | | ?????????????????????????????????????????????????? | | ?????????????????????????????????????????????????? | | ?????????????????????????????????????????????????? | +----------------------------------------------------+ Best States ------------- Heat Dissipation 53 Energy Generation 19 Energy Capacity 565 Matter Stores 300 Matter Capacity 300 Sight Range 16 Terrain Scan Density 85 Armor Coverage 300 Core Shielding 20 Utility Shielding 33 Evasion (%) 50 Recoil Reduction 2 Item Schematics ----------------- None Robot Schematics ------------------ None Fabricated ------------ Nothing Alien Tech Used ----------------- None Achievements -------------- Part-time Mechanic Shopping List Challenges ------------ None Game ------ Seed ShieldStorageLegs Manual? 0 Play Time 00:43:59 Cumulative 2.0 hours Start 2024.04.01 @ 05:48:53 End 2024.04.01 @ 06:31:12 Sessions 1 Manual Loads 0 Difficulty Rogue Special Mode None Game No. 4 Rogue 4 Adventurer 0 Explorer 0 Win Type - Total 0 Types 0/0/0/0/0/0/0/0/0 Lore% 2 Gallery% 7 Achievement% 7 Wizard Run 0 Options --------- Layout 1 ASCII 0 Keyboard 0 Movement Mouse Keybinds 0 Fullscreen 1 Font 24/Smallcaps Map View 50x35 Zoom Use 0% Tactical HUD 0 Map Filters NONE Filters NONE Steam 1 RUN: 3b46f0c7-67d4-475a-a9ba-1e4983a7c425